 Dungeon Crawl Stone Soup version 0.29-a0-847-g24c0ca63c9 (webtiles) character file.

Game seed: 11613440928133617235

1976 Malachi the Carver (level 9, -10/62 HPs)
             Began as a Barachi Warper on July 16, 2022.
             Was a Follower of Cheibriados.
             Mangled by a two-headed ogre
             ... wielding a +0 glaive
              (12 damage)
             ... in a bailey.
             The game lasted 00:13:22 (7785 turns).

Malachi the Carver (Barachi Warper)                 Turns: 7785, Time: 00:13:22

Health: -10/62     AC: 12    Str: 16    XL:     9   Next: 20%
Magic:  13/13      EV: 16    Int: 16    God:    Cheibriados [*.....]
Gold:   193        SH:  0    Dex: 19    Spells: 9/14 levels left

rFire   + . .      SeeInvis .   G - +0 arbalest
rCold   + . .      Faith    .   (shield currently unavailable)
rNeg    . . .      Spirit   .   B - +2 robe {rC+ rF+}
rPois   +          Reflect  .   A - +2 hat
rElec   .          Harm     .   s - +2 cloak {Will+}
rCorr   .          Rampage  .   p - +1 pair of gloves
Will    +....                   z - +0 pair of boots
Stlth   ++........              (no amulet)
HPRegen 0.20/turn               D - +4 ring of evasion
MPRegen 0.13/turn               v - ring of poison resistance

@: unable to hop, very slow
A: amphibious, slowness 1, strong legs 1, +LOS
a: Hop, Renounce Religion, Bend Time


You were in a bailey.
You worshipped Cheibriados.
Cheibriados was aware of your devotion.
You visited 2 branches of the dungeon, and saw 8 of its levels.
You also visited: Bailey.

You collected 251 gold pieces.
You spent 58 gold pieces at shops.

Inventory:

Hand Weapons
 a - a +0 falchion
 g - a +2 dagger of venom
 G - a +0 arbalest (weapon)
Missiles
 r - 4 poisoned darts
 C - 4 boomerangs
 F - a throwing net
Armour
 p - a +1 pair of gloves (worn)
 s - a +2 cloak of willpower (worn)
 z - a +0 pair of boots (worn)
 A - a +2 hat (worn)
 B - a +2 robe of resistance (worn)
Jewellery
 e - a ring of willpower
 v - a ring of poison resistance (right hand)
 D - a +4 ring of evasion (left hand)
Wands
 c - a wand of roots (2)
Scrolls
 h - a scroll of identify
 k - a scroll of amnesia {unknown}
 m - a scroll of magic mapping
 o - a scroll of noise {unknown}
 q - 2 scrolls of teleportation {unknown}
 u - a scroll of enchant armour {unknown}
 x - a scroll of silence {unknown}
 y - 2 scrolls of vulnerability {unknown}
Potions
 b - a potion of mutation {unknown}
 d - a potion of resistance
 f - 4 potions of attraction
 i - a potion of invisibility {unknown}
 j - a potion of heal wounds {unknown}
 l - a potion of brilliance
 n - 2 potions of curing
 w - a potion of cancellation
 E - a potion of degeneration {unknown}


   Skills:
 - Level 2.4 Fighting
 - Level 6.0(7.8) Short Blades
 - Level 8.5(9.5) Long Blades
 + Level 4.5 Ranged Weapons
 - Level 1.0 Throwing
 - Level 1.2 Armour
 - Level 2.1 Dodging
 - Level 3.1 Spellcasting
 - Level 7.0 Translocations


You had 9 spell levels left.
You knew the following spells:

 Your Spells              Type           Power      Damage    Failure   Level
a - Blink                 Tloc           48%        N/A       1%          2
b - Lesser Beckoning      Tloc           24%        N/A       3%          3

Your spell library contained the following spells:

 Spells                   Type           Power      Damage    Failure   Level
 Gell's Gravitas          Tloc           24%        N/A       3%          3
 Teleport Other           Tloc           24%        N/A       3%          3
 Sublimation of Blood     Necr           2%         N/A       28%         2
 Manifold Assault         Tloc           24%        N/A       28%         5
 Hailstorm                Conj/Ice       2%         3d3       88%         4
 Ice Form                 Ice/Tmut       2%         N/A       88%         4
 Petrify                  Tmut/Erth      2%         N/A       88%         4
 Irradiate                Conj/Tmut      1%         3d12      99%         5
 Simulacrum               Ice/Necr       1%         N/A       100%        6


Dungeon Overview and Level Annotations

Branches:
Dungeon (7/15)             Temple (1/1) D:5          Bailey (1/1)

Altars:
Cheibriados
Fedhas
Makhleb
Okawaru
Qazlal
Ru
Trog
Uskayaw
Vehumet
Xom
Yredelemnul

Shops:
D:6 (

Annotations:
D:3 2 transporters, astraldaughter's ghost, amateur DgWn


Innate Abilities, Weirdness & Mutations

You are amphibious.
You cover ground slowly.
You can hop short distances.
You have an extended range of vision and can be seen from far away.


Message History

Hop to where?
Press: ? - help, Dir - move target, p - two-headed ogre Boing!
Aiming: Fastroot
Press: ? - help, Shift-Dir - straight line, f - two-headed ogre
Aim: a two-headed ogre, wielding two +0 glaives (moderately wounded)
The roots erupt in riotous growth!
Roots grab the two-headed ogre.
Roots grab the spriggan.
The grasping roots constrict the spriggan.
The grasping roots constrict the two-headed ogre.
The two-headed ogre struggles to escape constriction.
You are too injured to fight recklessly!
You are too injured to fight recklessly!
Fire: G) +0 arbalest
Press: ? - help, Q - select action, (/) - cycle Shift-Dir - straight line, f/p - two-headed ogre
Aim: a two-headed ogre, wielding two +0 glaives (heavily wounded, constricted by roots, 93% to hit)
You shoot a bolt. The bolt hits the two-headed ogre!
The two-headed ogre is heavily wounded.
The grasping roots constrict the spriggan!
The grasping roots constrict the two-headed ogre!
The roots release their grip on the spriggan.
The roots release their grip on the two-headed ogre.
Fire: G) +0 arbalest
Press: ? - help, Q - select action, (/) - cycle Shift-Dir - straight line, f/p - two-headed ogre
Aim: a two-headed ogre, wielding two +0 glaives (severely wounded, 74% to hit)
You shoot a bolt. The bolt hits the two-headed ogre!
The two-headed ogre is almost dead.
The spriggan misses you.
Aiming: Fastroot
Press: ? - help, Shift-Dir - straight line, f/p - two-headed ogre
Aim: a two-headed ogre, wielding two +0 glaives (almost dead)
The roots erupt in riotous growth!
Roots grab the two-headed ogre.
Roots grab the spriggan.
The grasping roots constrict the spriggan.
The grasping roots constrict the two-headed ogre.
The spriggan closely misses you.
The two-headed ogre hits you from afar with a +0 glaive!!
* * * LOW HITPOINT WARNING * * *
The two-headed ogre hits you from afar with a +0 glaive!
You die...

#########
##.......##
##.O.......##
##@.i.≈≈≈....##
##.)#♣##≈♣♣##..##
##..##.....).##..##
#..##..♣♣♣♣♣..##..#
#..#.. ♣♣..#..#
#..♣. ..#..# #..#
..#..# #..# i.#..#
#..♣ ..#).#


You could see a two-headed ogre (rooted) and a spriggan (resistant, rooted).

Vanquished Creatures
  Sigmund (D:5)
  3 spriggans (Bailey)
  A steam dragon (Bailey)
  A water moccasin (D:5)
  Duvessa (D:5)
  A black bear (D:5)
  An ice beast (D:5)
  2 ogres
  A centaur (D:6)
  A bullfrog (D:6)
  2 scorpions (D:6)
  Dowan (D:5)
  An orc priest (D:6)
  3 hounds
  Natasha (D:2)
  Crazy Yiuf (D:3)
  2 iguanas
  2 orc wizards
  Robin (D:3)
  4 gnolls (D:3)
  3 adders
  3 shadow imps
  2 white imps
  2 ufetubi
  A dart slug (D:1)
  12 orcs
  12 bats
  6 endoplasms
  4 giant cockroaches
  17 goblins
  6 hobgoblins
  2 quokkas
  3 training dummies (D:6)
  5 ball pythons
  3 frilled lizards
  10 kobolds
  3 rats
125 creatures vanquished.

Notes
Turn   | Place    | Note
-------+----------+-------------------------------------------
     0 | D:1      | Malachi the Barachi Warper began the quest for the Orb.
     0 | D:1      | Reached XP level 1. HP: 17/17 MP: 3/3
   272 | D:1      | Reached skill level 3 in Long Blades
   280 | D:1      | Reached XP level 2. HP: 23/23 MP: 5/5
   896 | D:1      | Reached skill level 4 in Long Blades
   975 | D:1      | Reached XP level 3. HP: 19/28 MP: 6/6
  1527 | D:2      | Found a radiant altar of Vehumet.
  1873 | D:2      | Noticed Natasha
  1882 | D:2      | Killed Natasha
  1883 | D:2      | Reached skill level 5 in Long Blades
  1883 | D:2      | Reached XP level 4. HP: 22/34 MP: 7/7
  2548 | D:3      | Noticed Robin
  2571 | D:3      | Reached skill level 1 in Short Blades
  2595 | D:3      | Killed Robin
  2808 | D:3      | Found a transporter.
  2839 | D:3      | Reached XP level 5. HP: 9/39 MP: 8/8
  3132 | D:3      | Found a transporter.
  3167 | D:3      | Noticed astraldaughter's ghost (amateur DgWn)
  3223 | D:3      | Found a runed translucent door.
  3224 | D:3      | Noticed Crazy Yiuf
  3568 | D:3      | Killed Crazy Yiuf
  3569 | D:3      | Reached skill level 6 in Long Blades
  3947 | D:4      | Reached XP level 6. HP: 31/46 MP: 9/9
  4344 | D:5      | Entered Level 5 of the Dungeon
  4366 | D:5      | Noticed Sigmund
  4614 | D:5      | Found an iron altar of Okawaru.
  4649 | D:5      | Noticed a water moccasin
  4669 | D:5      | Killed a water moccasin
  4670 | D:5      | Reached skill level 7 in Long Blades
  4676 | D:5      | Noticed Duvessa
  4677 | D:5      | Noticed Dowan
  4698 | D:5      | Killed Duvessa
  4699 | D:5      | Reached skill level 5 in Short Blades
  4699 | D:5      | Reached XP level 7. HP: 20/51 MP: 10/10
  5112 | D:5      | Killed Sigmund
  5324 | D:5      | Killed Dowan
  5507 | D:5      | Reached skill level 8 in Long Blades
  5507 | D:5      | Reached XP level 8. HP: 51/57 MP: 11/11
  5541 | D:5      | Found a staircase to the Ecumenical Temple.
  5552 | Temple   | Entered the Ecumenical Temple
  5603 | Temple   | Learned a level 2 spell: Blink
  5607 | Temple   | Learned a level 3 spell: Lesser Beckoning
  5613 | Temple   | Became a worshipper of Cheibriados the Contemplative
  6519 | D:6      | Reached skill level 5 in Translocations
  6861 | D:6      | Reached * piety under Cheibriados
  7039 | D:6      | Found Humn's Firing Range.
  7309 | D:6      | Bought a +0 arbalest for 58 gold pieces
  7359 | D:7      | Found a flagged portal.
  7390 | Bailey   | Entered a bailey
  7409 | Bailey   | Noticed a spriggan
  7416 | Bailey   | Killed a spriggan
  7446 | Bailey   | Reached XP level 9. HP: 62/62 MP: 13/13
  7775 | Bailey   | Noticed a two-headed ogre
  7785 | Bailey   | HP: 2/62 [two-headed ogre/+0 glaive (22)]
  7785 | Bailey   | Mangled by a two-headed ogre

Illustrated notes

Levels and vault maps discovered:
D:1:      ebering_hopf_link, layout_rooms
D:2:      layout_rooms, basic_altar, dreamdust_princess_corridor, uniq_natasha
D:3:      layout_basic, gammafunk_ghost_mausoleum, uniq_crazy_yiuf_cottage,
          uniq_robin
D:4:      layout_cave_pools
D:5:      layout_cave_pools, overflow_temple_1_default,
          minmay_temple_entry_overgrown, uniq_sigmund, uniq_duvessa
D:6:      layout_basic, chequers_serial_rivers_large_b,
          nicolae_shop_firing_range
D:7:      layout_basic, enter_bailey_4
Temple:   nicolae_temple_superstar
Bailey:   bailey_polearm_enchanted_keep_hellmonk, bailey

Skill      XL: |  1  2  3  4  5  6  7  8  9 |
---------------+----------------------------+-----
Long Blades    | 3 4 5 6 7 8 |  8.5
Short Blades   | 1 3 5 6 |  6.0
Translocations | 6 7 |  7.0
Ranged Weapons | 2 4 |  4.5
Spellcasting   | 3 |  3.1
Fighting       | |  2.4
Throwing       | |  1.0
Armour         | |  1.2
Dodging        | |  2.1

Action                   |  1- 3 |  4- 6 |  7- 9 || total
-------------------------+-------+-------+-------++-------
Melee: Falchion          |    48 |       |       ||    48
       Dagger            |    69 |   179 |   252 ||   500
       Punch             |       |     2 |     5 ||     7
 Fire: Arbalest          |       |       |    20 ||    20
Throw: Boomerang         |       |       |     7 ||     7
       Dart              |       |       |     2 ||     2
 Cast: Lesser Beckoning  |       |       |     1 ||     1
 Abil: Hop               |       |     4 |     2 ||     6
Evoke: Wand              |       |       |     2 ||     2
  Use: Potion            |       |     3 |     1 ||     4
       Scroll            |       |       |     3 ||     3
Armor: Leather armour    |    33 |       |       ||    33
       Scale mail        |    22 |    79 |    36 ||   137
       Robe              |       |       |    63 ||    63
Dodge: Dodged            |    74 |    79 |   175 ||   328

Table legend: (Time is in decaauts)
 A = Elapsed time spent in this place.
 B = Non-inter-level travel time spent in this place.
 C = Inter-level travel time spent in this place.
 D = Time resting spent in this place.
 E = Time spent auto-exploring this place.
 F = Levels seen in this place.
 G = Mean time per level.
                   A        B        C        D        E       F      G
               +--------+--------+--------+--------+--------+-----+--------+
         Total |   8703 |   7845 |    858 |   2419 |   4055 |   9 |  967.0 |
       Dungeon |   8128 |   7329 |    799 |   2151 |   4055 |   7 | 1161.1 |
        Temple |    121 |     63 |     58 |      0 |      0 |   1 |  121.0 |
        Bailey |    453 |    453 |      0 |    268 |      0 |   1 |  453.0 |
               +--------+--------+--------+--------+--------+-----+--------+

Top non-repeatable levels by time:
     D:1: 1547 daAuts
     D:3: 1419 daAuts
     D:5: 1369 daAuts
     D:6: 1362 daAuts
     D:4: 1297 daAuts
     D:2: 1075 daAuts
  Bailey: 453 daAuts
  Temple: 121 daAuts
     D:7: 56 daAuts
